 Dungeon Crawl Stone Soup version 0.31-a0-237-g2d982f9f85 (webtiles) character file.

Game seed: 14635097817278972282

367 qw the Shooter (level 6, -6/52 HPs)
             Began as a Minotaur Hexslinger on July 11, 2023.
             Was an Initiate of Okawaru.
             Mangled by Duvessa
             ... wielding a +0 rapier
              (14 damage)
             ... on level 4 of the Dungeon.
             The game lasted 00:01:04 (2629 turns).

qw the Shooter (Minotaur Hexslinger)                Turns: 2629, Time: 00:01:05

Health: -6/52      AC:  9    Str: 12    XL:     6   Next: 41%
Magic:  6/6        EV: 11    Int: 10    God:    Okawaru [......]
Gold:   146        SH:  0    Dex: 21    Spells: 6/7 levels left

rFire   . . .        Y - +1 sling (flame)
rCold   . . .        (no shield)
rNeg    . . .        i - +0 ring mail
rPois   .            (helmet restricted)
rElec   .            (no cloak)
rCorr   .            (no gloves)
SInv    .            (no boots)
Will    .....        (no amulet)
Stlth   +            j - +6 ring of dexterity
HPRegen 0.28/turn    c - +4 ring of protection
MPRegen 0.10/turn

%: no passive effects
@: about to teleport
A: horns 2, retaliatory headbutt
a: Renounce Religion


You were on level 4 of the Dungeon.
You worshipped Okawaru.
Okawaru was noncommittal.
You visited 1 branch of the dungeon, and saw 4 of its levels.

You collected 146 gold pieces.


Innate Abilities, Weirdness & Mutations

You have a pair of horns on your head.
You reflexively headbutt those who attack you in melee.


   Skills:
 + Level 3.9 Fighting
 - Level 6.5 Ranged Weapons
 - Level 1.1 Armour
 - Level 2.1 Dodging
 - Level 1.0 Spellcasting
 - Level 2.0 Hexes
 - Level 0.2 Invocations


You had 6 spell levels left.
You knew the following spells:

 Your Spells              Type           Power      Damage    Failure   Level
a - Slow                  Hex            16%        N/A       34%         1

Your spell library contained the following spells:

 Spells                   Type           Power      Damage    Failure   Level
 Inner Flame              Hex/Fire       2%         N/A       83%         3
 Portal Projectile        Hex/Tloc       4%         N/A       83%         3
 Cause Fear               Hex            2%         N/A       98%         4

Inventory:

Hand Weapons
 Y - a +1 sling of flaming (weapon)
Armour
 i - a +0 ring mail (worn)
Jewellery
 c - a +4 ring of protection (right hand)
 j - a +6 ring of dexterity (left hand)
Scrolls
 e - 2 scrolls of identify
Potions
 a - a potion of attraction {unknown}
 b - a potion of mutation
 d - a potion of curing {unknown}
 f - a potion of brilliance {unknown}
 g - a potion of enlightenment {unknown}
 l - a potion of degeneration {unknown}

Dungeon Overview and Level Annotations

Branches:
Dungeon (4/15)
 Temple: D:4-7

Altars:
Cheibriados
Elyvilon
Gozag
Kikubaaqudgha
Okawaru
Sif Muna
Vehumet
Wu Jian

Annotations:
D:4 Duvessa


Message History

a +5 dagger of holy wrath; a +0 robe; the elf corpse of Dowan
Found a shimmering blue altar of Sif Muna.
Enter note:
Enter note: You see here Sif Muna's Annotations on the Dead.
Enter note:
Enter note: Duvessa, Sister of Dowan comes into view.
She is wielding a +0 rapier.
You shoot a sling bullet.
Duvessa shouts!
The sling bullet hits Duvessa but does no damage.
Duvessa goes berserk!
Duvessa rages.
You shoot a sling bullet.
The sling bullet hits Duvessa but does no damage.
Duvessa rages.
You shoot a sling bullet.
The sling bullet hits Duvessa but does no damage.
Duvessa hits you with a +0 rapier. Duvessa barely misses you.
You furiously retaliate!
You headbutt Duvessa. You shoot a sling bullet.
The sling bullet barely misses Duvessa.
Duvessa hits you with a +0 rapier. x2
You shoot a sling bullet. The sling bullet hits Duvessa!
The sling bullet burns Duvessa.
Duvessa is moderately wounded.
Duvessa hits you with a +0 rapier! Duvessa completely misses you.
You shoot a sling bullet. The sling bullet barely misses Duvessa.
Duvessa completely misses you. Duvessa hits you with a +0 rapier!
You shoot a sling bullet. The sling bullet hits Duvessa.
The sling bullet burns Duvessa.
Duvessa is moderately wounded.
Duvessa hits you with a +0 rapier!
2628 ||| READING scroll of teleportation.
As you read the scroll of teleportation, it crumbles to dust.
You feel strangely unstable. Duvessa hits you with a +0 rapier.
Duvessa barely misses you.
You shoot a sling bullet.
The sling bullet closely misses Duvessa.
Duvessa hits you with a +0 rapier!
You die...

.# #.....# .# #.###.# .#
#.# #.# .# #.# #.#
.###############.#####
................##..#
#####.......#####.:_#
#.).....# ##....#
#####.......###.@.###
............##..e##
......#.)...#...#\#
......#.#<.....###.. ###
......#.###...## ..##.#
.....##......## ###.#
.....######.### #.#
###.........#.# #####.#
#.....##..#.####...#.######


You could see Duvessa (berserk).

Vanquished Creatures
  A black bear (D:4)
  A phantom (D:4)
  Dowan (D:4)
  An orc priest (D:3)
  6 adders
  2 worms
  2 dart slugs
  2 orcs
  10 ball pythons
  6 bats
  7 endoplasms
  3 giant cockroaches
  8 goblins
  4 hobgoblins (D:2)
  3 jackals (D:3)
  A quokka (D:2)
  2 frilled lizards
  2 kobolds (D:2)
  6 rats
68 creatures vanquished.

Notes
Turn   | Place    | Note
-------+----------+-------------------------------------------
     0 | D:1      | qw the Minotaur Hexslinger began the quest for the Orb.
     0 | D:1      | Reached XP level 1. HP: 16/16 MP: 1/1
     0 | D:1      | 0 ||| qw: Version: 0.3-a-52-g30416fa
     0 | D:1      | 0 ||| qw: Game counter: 5461
     0 | D:1      | 0 ||| qw: Melee chars always use a shield: true
     0 | D:1      | 0 ||| qw: God list: Okawaru
     0 | D:1      | 0 ||| qw: Allow faded altars: false
     0 | D:1      | 0 ||| qw: Do Orc after clearing Dungeon:15 true
     0 | D:1      | 0 ||| qw: Do second Lair branch before Depths: true
     0 | D:1      | 0 ||| qw: Lair rune preference: random
     0 | D:1      | 0 ||| qw: Goals: Normal
     0 | D:1      | 0 ||| PLANNING D:1-11
    85 | D:1      | Reached skill level 3 in Ranged Weapons
    85 | D:1      | Reached XP level 2. HP: 23/23 MP: 2/2
   680 | D:1      | 680 ||| UPGRADING to +0 ring mail.
   690 | D:1      | 690 ||| DROPPING +0 robe.
   691 | D:1      | 691 ||| UPGRADING to +6 ring of dexterity.
   692 | D:1      | 692 ||| READING scroll labelled KEEJEA KYMO.
   693 | D:1      | 693 ||| READING scroll labelled UMERCH BENKEEWN.
   694 | D:1      | 694 ||| READING 2 scrolls labelled GAUDGHA MI LIVU.
   698 | D:1      | 698 ||| READING scroll labelled YGICAI TAIRYM.
   699 | D:1      | 699 ||| DROPPING scroll of poison.
   724 | D:2      | Reached XP level 3. HP: 29/29 MP: 3/3
   725 | D:2      | 725 ||| STAIRDANCE
   782 | D:2      | Reached skill level 4 in Ranged Weapons
   788 | D:2      | Reached skill level 1 in Armour
   934 | D:2      | Reached XP level 4. HP: 36/36 MP: 4/4
  1167 | D:2      | Found a faded altar of an unknown god.
  1204 | D:2      | Identified the +1 hand axe "Hagaheecw" {drain, Fly rPois
                  | Will+ Int+4}
  1476 | D:2      | 1476 ||| UPGRADING to +6 ring of strength.
  1477 | D:2      | 1477 ||| READING scroll labelled BELEQU PAOD.
  1478 | D:2      | 1478 ||| READING scroll labelled FYGASUGOHI.
  1479 | D:2      | 1479 ||| DRINKING 2 fizzy amethyst potions.
  1584 | D:2      | 1584 ||| DROPPING potion of berserk rage.
  1769 | D:3      | Reached skill level 5 in Ranged Weapons
  1774 | D:3      | Found an iron altar of Okawaru.
  1774 | D:3      | Found an ancient bone altar of Kikubaaqudgha.
  1774 | D:3      | Found a white marble altar of Elyvilon.
  1776 | D:3      | 1776 ||| PLANNING OKAWARU WORSHIP
  1776 | D:3      | 1776 ||| UPGRADING to +4 ring of protection.
  1778 | D:3      | 1778 ||| DROPPING +6 ring of strength.
  1779 | D:3      | 1779 ||| READING 2 scrolls of identify.
  1779 | D:3      | 1779 ||| IDENTIFYING orange potion
  1784 | D:3      | Became a worshipper of Warmaster Okawaru
  1785 | D:3      | 1785 ||| PLANNING D:1-11
  1810 | D:3      | Found a radiant altar of Vehumet.
  1815 | D:3      | Found an opulent altar of Gozag.
  1818 | D:3      | Found an ornate altar of the Wu Jian Council.
  1820 | D:3      | Found a snail-covered altar of Cheibriados.
  2176 | D:3      | 2176 ||| DROPPING amulet of magic regeneration.
  2177 | D:3      | 2177 ||| READING scroll labelled UVOELA LOTT.
  2197 | D:4      | Noticed a phantom
  2199 | D:4      | Noticed a black bear
  2200 | D:4      | 2200 ||| STAIRDANCE
  2204 | D:3      | HP: 9/37 [orc priest/+0 hand axe (1)]
  2205 | D:3      | 2205 ||| READING 2 scrolls of teleportation.
  2207 | D:3      | Reached skill level 3 in Fighting
  2207 | D:3      | Reached XP level 5. HP: 12/45 MP: 5/5
  2386 | D:4      | Killed a black bear
  2455 | D:4      | Killed a phantom
  2455 | D:4      | Reached * piety under Okawaru
  2456 | D:4      | Reached skill level 6 in Ranged Weapons
  2456 | D:4      | Reached XP level 6. HP: 44/51 MP: 6/6
  2527 | D:4      | Noticed Dowan
  2528 | D:4      | 2528 ||| INVOKING Heroism.
  2535 | D:4      | Killed Dowan
  2612 | D:4      | Found a shimmering blue altar of Sif Muna.
  2620 | D:4      | Noticed Duvessa
  2627 | D:4      | HP: 8/52 [Duvessa/+0 rapier (8)]
  2628 | D:4      | 2628 ||| READING scroll of teleportation.
  2629 | D:4      | Mangled by Duvessa

Levels and vault maps discovered:
D:1:      dpeg_arrival_subterranean_lakeside_camping, layout_basic
D:2:      layout_loops_cross, hellmonk_ecumenical_altar_lost_god
D:3:      layout_rooms, nicolae_overflow_hallway_of_the_gods, serial_aquarium,
          aquarium_bridge_square [aquarium_subvault_wall,
          aquarium_subvault_bridge, aquarium_subvault_bridge,
          aquarium_subvault_balcony], aquarium_bridge_straight
          [aquarium_subvault_bridge, aquarium_subvault_window,
          aquarium_subvault_bridge, aquarium_subvault_wall], aquarium_window_2,
          aquarium_window_1, aquarium_window_corridor_2, aquarium_view_2e
D:4:      layout_basic, nzn_overflow_gifts_of_might_and_magic,
          mainiacjoe_overflow_big_doors, temple_doors_e, kennysheep_diamond

Skill      XL: |  1  2  3  4  5 |
---------------+----------------+-----
Ranged Weapons | 3 4 5 6 |  6.5
Fighting       | 2 3 |  3.9
Armour         | 1 |  1.1
Dodging        | |  2.1
Spellcasting   | |  1.0
Hexes          | |  2.0
Invocations    | |  0.2

Action                     |  1- 3 |  4- 6 || total
---------------------------+-------+-------++-------
   Fire: Sling             |   104 |   105 ||   209
 Invoke: Heroism           |       |     1 ||     1
    Use: Scroll            |     4 |     6 ||    10
         Potion            |       |     1 ||     1
 Armour: Ring mail         |    10 |     9 ||    19
  Dodge: Dodged            |    15 |    37 ||    52

Table legend:
 A = Non-vault XP
 B = Vault XP
 C = Vault XP percentage of total XP
 D = Non-vault monster count
 E = Vault monster count
 F = Vault count percentage of total count
                 A         B        C        D         E       F
            +---------+---------+-------+---------+---------+-------
      Total |     454 |      71 |  13.5 |      61 |       7 |  10.3
            +---------+---------+-------+---------+---------+-------
        D:1 |      33 |       8 |  19.5 |      21 |       6 |  22.2
        D:2 |     100 |       0 |   0.0 |      21 |       0 |   0.0
        D:3 |      70 |       0 |   0.0 |      14 |       0 |   0.0
        D:4 |     251 |      63 |  20.1 |       5 |       1 |  16.7
            +---------+---------+-------+---------+---------+-------
